 Dungeon Crawl Stone Soup version 0.25-a0-589-g1e14c54 (webtiles) character file.

Game seed: 1502219434995364694, levelgen mode: deterministic

96 BlueFish the Grave Robber (level 4, -6/32 HPs)
             Began as a Mummy Necromancer on Mar 12, 2020.
             Killed from afar by Natasha (9 damage)
             ... with a magic dart
             ... on level 2 of the Dungeon.
             The game lasted 00:07:24 (1574 turns).

BlueFish the Grave Robber (Mummy Necromancer)       Turns: 1574, Time: 00:07:24

Health: -6/32      AC:  2    Str: 11    XL:     4   Next: 41%
Magic:  0/9        EV: 12    Int: 15    God:
Gold:   75         SH:  0    Dex: 12    Spells: 5/10 levels left

rFire    x . .     SeeInvis .   c - -3 spear (curse)
rCold    + . .     Gourm    .   (no shield)
rNeg     + + +     Faith    .   a - +0 robe
rPois    ∞         Spirit   .   (no helmet)
rElec    .         Reflect  .   (no cloak)
rCorr    .         Harm     .   (no gloves)
MR       .....                  (no boots)
Stlth    ++........             (no amulet)
HPRegen  0.10/turn              (no ring)
MPRegen  0.11/turn              (no ring)

@: about to teleport, very slightly contaminated
A: no food or potions, fire vulnerability, cold resistance 1, negative energy
resistance 3, torment resistance, unbreathing
a: no special abilities


You were on level 2 of the Dungeon.
You were not hungry.

You visited 1 branch of the dungeon, and saw 2 of its levels.

You collected 75 gold pieces.

Inventory:

Hand Weapons
 b - a +0 whip
 c - a cursed -3 spear (weapon)
Armour
 a - a +0 robe (worn)
Scrolls
 d - a scroll of enchant weapon
 e - a scroll of teleportation


   Skills:
 * Level 1.3 Fighting
 + Level 1.6 Dodging
 + Level 1.8 Stealth
 + Level 3.9 Spellcasting
 * Level 4.9 Necromancy


You had 5 spell levels left.
You knew the following spells:

 Your Spells              Type           Power        Failure   Level  Hunger
a - Pain                  Necr           ###.         2%          1    N/A
b - Animate Skeleton      Necr           N/A          2%          1    N/A
c - Vampiric Draining     Necr           ###.......   7%          3    N/A

Your spell library contained the following spells:

 Spells                   Type           Power        Failure   Level  Hunger
 Animate Dead             Necr           N/A          24%         4    N/A
 Agony                    Necr           ###.....     54%         5    N/A

Dungeon Overview and Level Annotations

Branches:
Dungeon (2/15)

Altars:

Annotations:
D:2 Natasha


Innate Abilities, Weirdness & Mutations

You do not eat or drink.
Your flesh is vulnerable to fire.
You are immune to poison.
Your flesh is cold resistant. (rC+)
You are immune to negative energy. (rN+++)
You are immune to unholy pain and torment.
You can survive without breathing.


Message History

* * * LOW HITPOINT WARNING * * *
Casting: Vampiric Draining (safe; 7% risk of failure)
Confirm with . or Enter, or press ? or * to list all spells.
Aiming: Pain (safe; 2% risk of failure)
Press: ? - help, Shift-Dir - straight line, f/p - Natasha
Aim: Natasha (almost dead, chance to defeat MR: 76%) Natasha barely resists.
The crimson imp hits you but does no damage.
Natasha completely misses you.
Your rat skeleton bites Natasha but does no damage.
Natasha claws your rat skeleton.
Your rat skeleton is destroyed!
You can't drink.
As you read the scroll of teleportation, it crumbles to dust.
You feel strangely unstable.
The crimson imp blinks!
Natasha mumbles some strange words.
Natasha shimmers violently.
Natasha casts a spell at you. The magic dart hits you!
You die...

....##.##.#......#
#..
#...............#
#..#
#...........5...##
#..##
#......)>.........
..##.
#............$##
#..
#.####.##.#....#
..# #.#
#.##.#.§..######
##
#.##............
.......h@.......
..............###
..............#
..............#
.....##########
..... ...


You could see Natasha and a crimson imp.

Vanquished Creatures
  Natasha (twice) (D:2)
  An adder (D:2)
  A dart slug (D:1)
  2 leopard geckos (D:1)
  A giant cockroach (D:2)
  6 bats
  5 frilled lizards
  2 goblins
  6 kobolds
  6 rats
32 creatures vanquished.

Vanquished Creatures (collateral kills)
  An adder (D:2)
  An ooze (D:1)
  2 kobolds (D:2)
  A bat (D:2)
  A rat (D:2)
6 creatures vanquished.

Grand Total: 38 creatures vanquished

Notes
Turn   | Place    | Note
-------+----------+-------------------------------------------
     0 | D:1      | BlueFish the Mummy Necromancer began the quest for the Orb.
     0 | D:1      | Reached XP level 1. HP: 13/13 MP: 4/4
     2 | D:1      | Learned a level 1 spell: Animate Skeleton
   155 | D:1      | Reached XP level 2. HP: 17/19 MP: 1/5
   926 | D:2      | Noticed Natasha
   935 | D:2      | Killed Natasha
   935 | D:2      | Reached skill level 1 in Fighting
   935 | D:2      | Reached XP level 3. HP: 18/26 MP: 0/8
   944 | D:2      | Learned a level 3 spell: Vampiric Draining
  1452 | D:2      | Reached XP level 4. HP: 32/32 MP: 9/9
  1512 | D:2      | Noticed Natasha
  1522 | D:2      | Killed Natasha
  1557 | D:2      | Noticed Natasha
  1574 | D:2      | Killed from afar by Natasha

Levels and vault maps discovered:
D:1:      evilmike_arrival_plus, layout_basic, serial_forest,
          infiniplex_forest_clump_double, infiniplex_forest_lined_ring,
          infiniplex_forest_corner_1, infiniplex_forest_clump_large,
          infiniplex_forest_straight_3, kennysheep_pointless_box,
          minmay_pentomino_x2
D:2:      minmay_alternating_diamond, layout_basic, uniq_natasha

Skill      XL: |  1  2 |
---------------+-------+-----
Spellcasting   | 3 |  3.9
Fighting       | 1 |  1.3
Dodging        | |  1.6
Stealth        | |  1.8
Necromancy     | |  4.9

Action                   |  1- 3 |  4- 6 || total
-------------------------+-------+-------++-------
Melee: Whip              |    20 |       ||    20
       Spear             |    25 |    20 ||    45
 Cast: Pain              |    51 |     1 ||    52
       Animate Skeleton  |    10 |     2 ||    12
       Vampiric Draining |     1 |     4 ||     5
  Use: Scroll            |     2 |     1 ||     3
 Stab: Sleeping          |     1 |       ||     1
       Distracted        |       |     1 ||     1
Armor: Robe              |     5 |     4 ||     9
Dodge: Dodged            |    43 |    27 ||    70

Table legend:
 A = Non-vault XP
 B = Vault XP
 C = Vault XP percentage of total XP
 D = Non-vault monster count
 E = Vault monster count
 F = Vault count percentage of total count
                 A         B        C        D         E       F
            +---------+---------+-------+---------+---------+-------
      Total |      98 |      40 |  29.0 |      34 |       4 |  10.5
            +---------+---------+-------+---------+---------+-------
        D:1 |      31 |       3 |   8.8 |      17 |       2 |  10.5
        D:2 |      67 |      37 |  35.6 |      17 |       2 |  10.5
            +---------+---------+-------+---------+---------+-------
